 Dungeon Crawl Stone Soup version 0.31-a0-618-g7ca08c1ff9 (webtiles) character file.

Game seed: 7493280150358860873

1749 Sanktem7 the Cleaver (level 8, -2/69 (71) HPs)
             Began as a Minotaur Fighter on Aug 22, 2023.
             Was a Follower of Okawaru.
             Slain by a wight
             ... wielding a +3 falchion
              (5 damage)
             ... on level 6 of the Dungeon.
             The game lasted 00:07:15 (5589 turns).

Sanktem7 the Cleaver (Minotaur Fighter)             Turns: 5589, Time: 00:07:15

HP:   -2/69 (71)    AC:  7    Str: 23    XL:     8   Next: 78%
MP:   7/7           EV:  9    Int:  5    God:    Okawaru [*.....]
Gold: 97            SH:  5    Dex: 10    Spells: 7/7 levels left

rFire   . . .        a - +0 war axe {axe}
rCold   . . .        c - +0 buckler
rNeg    . . .        b - +0 scale mail
rPois   .            (helmet restricted)
rElec   .            (no cloak)
rCorr   .            (no gloves)
SInv    .            (no boots)
Will    .....        (no amulet) Stlth
                     (no ring)
HPRegen 0.31/turn    (no ring)
MPRegen 0.10/turn

%: no passive effects
@: lightly drained
A: horns 2, retaliatory headbutt
a: Renounce Religion, Heroism


You were on level 6 of the Dungeon.
You worshipped Okawaru.
Okawaru was aware of your devotion.
You visited 2 branches of the dungeon, and saw 7 of its levels.
You also visited: Sewer.

You collected 217 gold pieces.
You spent 120 gold pieces at shops.


Innate Abilities, Weirdness & Mutations

You have a pair of horns on your head.
You reflexively headbutt those who attack you in melee.


   Skills:
 + Level 6.7 Fighting
 * Level 8.3 Axes
 + Level 4.1 Throwing
 + Level 6.6 Armour
 + Level 6.5 Shields


You had 7 spell levels left.
You didn't know any spells.
Your spell library was empty.

Inventory:

Hand Weapons
 a - a +0 war axe (weapon) {axe}
 j - a +2 hand axe of flaming {axe}
   (You took it off an orc on level 2 of the Dungeon)
 l - a +4 dagger {short}
   (You took it off a goblin on level 2 of the Dungeon)
 m - a +1 whip of draining {mace}
   (You took it off a kobold on level 2 of the Dungeon)
 t - a +2 trident of protection {polearm}
   (You took it off an orc on level 3 of the Dungeon)
 L - a +1 hand axe of flaming {axe}
   (You took it off an orc on level 6 of the Dungeon)
Missiles
 f - 4 atropa-tipped darts {throwing}
 h - 41 stones {throwing}
 M - 5 javelins {throwing}
Armour
 b - a +0 scale mail (worn)
 c - a +0 buckler (worn)
 F - the +0 leather armour of Ugriwuti {Str+2}
   (You found it on level 5 of the Dungeon)

   Str+2:     It affects your strength (+2).
Magical Staves
 i - a staff of cold {!astaff}
   (You found it on level 1 of the Dungeon)
Jewellery
 q - a +4 ring of protection
   (You found it on level 2 of the Dungeon)
Wands
 D - a wand of charming (8)
   (You found it on level 4 of the Dungeon)
 K - a wand of flame (17)
   (You took it off Grinder on level 6 of the Dungeon)
Scrolls
 e - 5 scrolls of teleportation {unknown}
 k - a scroll of fear {unknown}
 n - a scroll of enchant weapon {unknown}
 o - a scroll of fog {unknown}
 p - 5 scrolls of identify {unknown}
 s - a scroll of revelation {unknown}
 v - a scroll of poison {unknown}
 x - 2 scrolls of vulnerability {unknown}
 y - a scroll of silence {unknown}
 E - 2 scrolls of amnesia {unknown}
 H - a scroll of blinking {unknown}
 I - a scroll of noise {unknown}
 N - a scroll of immolation {unknown}
Potions
 d - 2 potions of might
 g - a potion of resistance {unknown}
 r - 2 potions of curing {@q1}
 u - a potion of invisibility {unknown}
 w - 3 potions of lignification {unknown}
 z - a potion of attraction {unknown}
 A - 2 potions of heal wounds {@q2}
 B - 2 potions of cancellation {unknown}
 C - a potion of magic {unknown}
 G - a potion of berserk rage {unknown}
 J - a potion of enlightenment {unknown}

Dungeon Overview and Level Annotations

Branches:
Dungeon (6/15) Zot: 26573  Temple (1/1) D:5 Zot: 5854   Sewer (visited)

Altars:
Ashenzari
Cheibriados
Elyvilon
Kikubaaqudgha
Makhleb
Okawaru
Qazlal
Ru
Uskayaw
Vehumet
Xom
Yredelemnul
Zin
The Shining One

Shops:
D:6 !

Annotations:
D:6 3 runed translucent doors, Age's ghost, novice MiFi

#........ #........
#........ #........
#........ #........
#z)...... #z#
####@#### #.......#
####### #...#####.###
##...... #.# ####...#
#...#'#.
....###..#...##
#..8#'#8 .
........#....#
#.###+##
#.###..#..#####.'''∩+'
#...##..#...##.###'##
#...#...#...##..8#'#8


You could see 2 wights.


Message History

You feel drained. 😮 HP[-2]
You now have 67 max hp (-2).
You barely miss the wight. You headbutt the wight. You hit the wight.
The wight closely misses you. You block the wight's attack.
You hit the wight but do no damage. You headbutt the wight. You hit the wight.
You destroy the wight!
Okawaru accepts your kill.
The wight hits you with a +3 great sword.
You feel drained.
Your Axes skill increases to level 8! 😮 HP[-8]
You take 8 damage, and now have 38/67 hp.
You hit the wight but do no damage. You hit the wight.
The wight hits you with a +3 great sword!
* * * LOW HITPOINT WARNING * * *
You feel drained.
* * * LOW HITPOINT WARNING * * *
You block the wight's attack. 😨 HP[-8]
You now have 65 max hp (-2).
You take 8 damage, and now have 30/65 hp.
You slash the wight!
You destroy the wight!
Okawaru accepts your kill.
You barely miss the wight. The wight hits you with a +3 falchion.
* * * LOW HITPOINT WARNING * * *
Your Throwing skill increases to level 4! 😨 HP[-3]
You now have 67 max hp (+2).
You take 3 damage, and now have 27/67 hp.
The black bear attacks as it pursues you!
The black bear bites you but does no damage.
You block the black bear's attack.
The black bear closely misses you. 😨 HP[+1]
You hit the black bear. The black bear bites you.
* * * LOW HITPOINT WARNING * * *
The black bear claws you.
* * * LOW HITPOINT WARNING * * *
The black bear claws you.
* * * LOW HITPOINT WARNING * * *
😨 HP[-6]
You take 6 damage, and now have 22/67 hp.
You hit the black bear. Your headbutt misses the black bear.
The black bear bites you but does no damage.
The black bear barely misses you.
The black bear claws you but does no damage.
You hit the black bear. You headbutt the black bear.
The black bear goes berserk!
The black bear barely misses you. The black bear claws you.
* * * LOW HITPOINT WARNING * * *
The black bear barely misses you. 😨 HP[-2]
You take 2 damage, and now have 20/67 hp.
You slash the black bear!
You kill the black bear!
Okawaru accepts your kill.
You now have 70 max hp (+3).
You barely miss the wight.
The wight hits you with a +3 short sword.
* * * LOW HITPOINT WARNING * * *
You feel drained. 😨 HP[-2]
You now have 69 max hp (-1).
You take 2 damage, and now have 18/69 hp.
You closely miss the wight.
The wight hits you but does no damage. 😨 HP[+1]
You barely miss the wight. The wight barely misses you.
You furiously retaliate!
You headbutt the wight! You hit the wight but do no damage.
You block the wight's attack.
You hit the wight.
You destroy the wight!
Okawaru accepts your kill.
Your life force feels restored. 😨 HP[+1]
You now have 71 max hp (+2).
You barely miss the wight. The wight barely misses you.
You hit the wight but do no damage. Your headbutt misses the wight.
The wight hits you with a +3 falchion.
* * * LOW HITPOINT WARNING * * *
😱 HP[-5]
You take 5 damage, and now have 15/71 hp.
You hit the wight. The wight barely misses you.
The wight hits you with a +3 falchion.
* * * LOW HITPOINT WARNING * * *
You feel drained.
* * * LOW HITPOINT WARNING * * *
😱 HP[-8]
You now have 69 max hp (-2).
You take 8 damage, and now have 7/69 hp.
You hit the wight.
You headbutt the wight, but do no damage.
The wight closely misses you. You furiously retaliate!
You headbutt the wight, but do no damage.
You closely miss the wight. The wight hits you with a +3 falchion.
* * * LOW HITPOINT WARNING * * *
😱 HP[-4]
You take 4 damage, and now have 3/69 hp.
You hit the wight but do no damage. The wight hits you with a +3 falchion.
You die...

Skill      XL: |  1  2  3  4  5  6  7  8 |
---------------+-------------------------+-----
Axes           | 3 4 5 7 8 |  8.3
Fighting       | 4 5 6 |  6.7
Armour         | 4 5 6 |  6.6
Shields        | 4 5 6 |  6.5
Throwing       | 1 2 3 4 |  4.1

Action                     |  1- 3 |  4- 6 |  7- 9 || total
---------------------------+-------+-------+-------++-------
  Melee: War axe           |    60 |   102 |   176 ||   338
         Headbutt          |     4 |    14 |    30 ||    48
 Armour: Scale mail        |    47 |    49 |    68 ||   164
  Dodge: Dodged            |    30 |    46 |    68 ||   144
  Block: Buckler           |    17 |    21 |    46 ||    84

Levels and vault maps discovered:
D:1:      kilobyte_arrival_exit_the_forest, layout_basic
D:2:      cheibrodos_pilgrimage, layout_basic, basic_altar, feat_on_display,
          uniq_sigmund, uniq_natasha, uniq_robin
D:3:      layout_basic
D:4:      layout_loops_ring, portal_sewer_entry_c, minivault_19
D:5:      layout_gridville, bloody_makhleb, minmay_temple_entry_glass
D:6:      layout_basic, mainiacjoe_overflow_boulevard, old_standard_altar,
          lemuel_crystal_altar, serial_shops, nicolae_shop_real_fake_doors,
          gammafunk_ghost_split, nicolae_titane, uniq_menkaure, uniq_grinder
Temple:   oiseaux_autumnal_temple

Notes
Turn   | Place    | Note
-------+----------+-------------------------------------------
     0 | D:1      | Sanktem7 the Minotaur Fighter began the quest for the Orb.
     0 | D:1      | Reached XP level 1. HP: 19/19 MP: 0/0
     0 | D:1      | magus.rc [v1.9.6]
   382 | D:1      | Reached XP level 2. HP: 27/27 MP: 1/1
   434 | D:1      | Reached skill level 3 in Axes
   908 | D:2      | Reached skill level 4 in Fighting
   925 | D:2      | Reached XP level 3. HP: 30/33 MP: 2/2
   926 | D:2      | Reached skill level 4 in Armour
   926 | D:2      | Reached skill level 4 in Shields
   934 | D:2      | HP: 8/33 [quokka (3)]
   948 | D:2      | HP: 6/33 [something (2)]
   950 | D:2      | Reached XP level 4. HP: 8/40 MP: 3/3
  1226 | D:2      | Reached skill level 4 in Axes
  1241 | D:2      | Noticed Sigmund
  1244 | D:2      | Noticed Robin
  1250 | D:2      | Killed Sigmund
  1251 | D:2      | Reached skill level 1 in Throwing
  1251 | D:2      | Reached XP level 5. HP: 14/47 MP: 4/4
  1258 | D:2      | Killed Robin
  1259 | D:2      | Reached skill level 5 in Axes
  1259 | D:2      | Reached XP level 6. HP: 14/53 MP: 5/5
  1481 | D:2      | Found a glowing golden altar of the Shining One.
  1521 | D:2      | Noticed Natasha
  1525 | D:2      | Killed Natasha
  1589 | D:2      | Noticed Natasha
  1599 | D:2      | Killed Natasha
  2208 | D:3      | Reached skill level 2 in Throwing
  2986 | D:4      | Reached skill level 5 in Fighting
  2986 | D:4      | Reached skill level 5 in Shields
  3012 | D:4      | Reached skill level 5 in Armour
  3086 | D:4      | Reached XP level 7. HP: 51/61 MP: 6/6
  3098 | D:4      | Found a glowing drain.
  3138 | Sewer    | Entered a sewer
  3352 | Sewer    | Reached skill level 6 in Axes
  3438 | Sewer    | Found a viscous altar of Jiyva.
  4088 | D:5      | Entered Level 5 of the Dungeon
  4195 | D:5      | Found a staircase to the Ecumenical Temple.
  4208 | D:5      | Reached skill level 3 in Throwing
  4213 | Temple   | Entered the Ecumenical Temple
  4330 | Temple   | Became a worshipper of Warmaster Okawaru
  4361 | D:5      | Identified the +0 leather armour of Ugriwuti {Str+2}
  4393 | D:5      | Found a burning altar of Makhleb.
  4641 | D:5      | Reached skill level 7 in Axes
  4641 | D:5      | Reached XP level 8. HP: 64/70 MP: 7/7
  5173 | D:6      | Found a runed translucent gate.
  5173 | D:6      | Found a runed translucent gate.
  5173 | D:6      | Found a runed translucent gate.
  5178 | D:6      | Reached skill level 6 in Fighting
  5198 | D:6      | Reached skill level 6 in Armour
  5272 | D:6      | Noticed a cyclops
  5272 | D:6      | Noticed Age's ghost (novice MiFi)
  5331 | D:6      | Found Ehaoj's Distillery.
  5334 | D:6      | Bought a potion of curing for 45 gold pieces
  5334 | D:6      | Bought a potion of heal wounds for 75 gold pieces
  5354 | D:6      | Noticed Grinder
  5367 | D:6      | Killed Grinder
  5368 | D:6      | Reached skill level 6 in Shields
  5376 | D:6      | Reached * piety under Okawaru
  5572 | D:6      | Reached skill level 8 in Axes
  5574 | D:6      | Reached skill level 4 in Throwing
  5585 | D:6      | HP: 15/71 [wight/+3 falchion (5)]
  5586 | D:6      | HP: 7/69 [wight/+3 falchion (3)]
  5588 | D:6      | HP: 3/69 [wight/+3 falchion (5)]
  5589 | D:6      | Slain by a wight

Vanquished Creatures
  Grinder (D:6)
  Sigmund (D:2)
  2 ice beasts
  A black bear (D:6)
  A phantom (D:5)
  A bullfrog (D:6)
  2 scorpions
  3 wights (D:6)
  4 jellies
  An orc priest (D:2)
  4 hounds
  An iguana (D:6)
  Natasha (twice) (D:2)
  3 orc wizards
  Robin (D:2)
  A gnoll (D:2)
  6 adders
  3 river rats
  A shadow imp (D:5)
  A white imp (D:5)
  3 ufetubi
  3 worms
  4 dart slugs
  20 orcs
  7 ball pythons
  16 endoplasms
  5 giant cockroaches
  8 goblins
  14 hobgoblins
  5 jackals
  6 kobolds
  3 quokkas
  3 bats
  5 frilled lizards
  7 rats
149 creatures vanquished.

Table legend:
 A = Non-vault XP
 B = Vault XP
 C = Vault XP percentage of total XP
 D = Non-vault monster count
 E = Vault monster count
 F = Vault count percentage of total count
                 A         B        C        D         E       F
            +---------+---------+-------+---------+---------+-------
      Total |    1668 |     831 |  33.3 |     106 |      43 |  28.9
            +---------+---------+-------+---------+---------+-------
        D:1 |      25 |       0 |   0.0 |      12 |       0 |   0.0
        D:2 |     103 |     379 |  78.6 |      18 |      18 |  50.0
        D:3 |      53 |       0 |   0.0 |      18 |       0 |   0.0
        D:4 |     302 |      37 |  10.9 |      29 |       7 |  19.4
        D:5 |     488 |       0 |   0.0 |      15 |       0 |   0.0
        D:6 |     697 |     277 |  28.4 |      14 |       1 |   6.7
      Sewer |       0 |     138 | 100.0 |       0 |      17 | 100.0
            +---------+---------+-------+---------+---------+-------

Skill      XL: |  1  2  3  4  5  6  7  8 |
---------------+-------------------------+-----
Axes           | 3 4 5 7 8 |  8.3
Fighting       | 4 5 6 |  6.7
Armour         | 4 5 6 |  6.6
Shields        | 4 5 6 |  6.5
Throwing       | 1 2 3 4 |  4.1

Action                     |  1- 3 |  4- 6 |  7- 9 || total
---------------------------+-------+-------+-------++-------
  Melee: War axe           |    60 |   102 |   176 ||   338
         Headbutt          |     4 |    14 |    30 ||    48
 Armour: Scale mail        |    47 |    49 |    68 ||   164
  Dodge: Dodged            |    30 |    46 |    68 ||   144
  Block: Buckler           |    17 |    21 |    46 ||    84

Illustrated notes

Table legend:
 A = Kills in this place as a percentage of kills in the entire game.
 B = Kills by you in this place as a percentage of kills by you in the entire game.
 C = Kills by friends in this place as a percentage of kills by friends in the entire game.
 D = Other kills in this place as a percentage of other kills in the entire game.
 E = Experience gained in this place as a percentage of experience gained in the entire game.
 F = Experience gained in this place divided by the number of levels of this place that you have seen.
                   A       B       C       D       E      F
               +-------+-------+-------+-------+-------+----------------------
         Total | 100.0 | 100.0 |   N/A |   N/A | 100.0 | 312.4
       Dungeon |  88.6 |  88.6 |   N/A |   N/A |  94.5 | 393.5
         Sewer |  11.4 |  11.4 |   N/A |   N/A |   5.5 | 138.0
               +-------+-------+-------+-------+-------+----------------------

Table legend: (Time is in decaauts)
 A = Elapsed time spent in this place.
 B = Non-inter-level travel time spent in this place.
 C = Inter-level travel time spent in this place.
 D = Time resting spent in this place.
 E = Time spent auto-exploring this place.
 F = Levels seen in this place.
 G = Mean time per level.
                   A        B        C        D        E       F      G
               +--------+--------+--------+--------+--------+-----+--------+
         Total |   5707 |   5526 |    181 |     48 |   4360 |   8 |  713.4 |
       Dungeon |   5159 |   4978 |    181 |      0 |   4097 |   6 |  859.8 |
        Temple |    145 |    145 |      0 |      0 |     17 |   1 |  145.0 |
         Sewer |    402 |    402 |      0 |     48 |    246 |   1 |  402.0 |
               +--------+--------+--------+--------+--------+-----+--------+

Top non-repeatable levels by time:
     D:3: 1090 daAuts
     D:2: 953 daAuts
     D:5: 949 daAuts
     D:1: 885 daAuts
     D:4: 856 daAuts
     D:6: 425 daAuts
   Sewer: 402 daAuts
  Temple: 145 daAuts
